 Dungeon Crawl Stone Soup version 0.23.2-40-g277498a001 (webtiles) character file.

Game seed: 1202185407887822573

415 Folks the Conjurer (level 6, -3/45 HPs)
             Began as a Demigod Conjurer on Aug 14, 2019.
             Slain by Duvessa
             ... wielding a +0 short sword
              (10 damage)
             ... on level 4 of the Dungeon.
             The game lasted 00:12:31 (5018 turns).

Folks the Conjurer (Demigod Conjurer)               Turns: 5018, Time: 00:12:32

Health: -3/45      AC:  6    Str: 14    XL:     6   Next: 33%
Magic:  5/15       EV: 12    Int: 23    God:
Gold:   190        SH:  0    Dex: 16    Spells: 3/13 levels left

rFire    . . .     SeeInvis .   o - +0 short sword
rCold    . . .     Gourm    .   (no shield)
rNeg     . . .     Faith    .   a - +0 robe
rPois    .         Spirit   .   (no helmet)
rElec    .         Reflect  .   (no cloak)
rCorr    .         Harm     .   (no gloves)
MR       .....                  (no boots)
Stlth    ++........             (no amulet)
HPRegen  0.15/turn              n - +4 ring of protection
MPRegen  0.14/turn              p - +3 ring of strength

@: hasted, very quick
A: high mp 1
a: no special abilities


You were on level 4 of the Dungeon.
You were not hungry.

You visited 1 branch of the dungeon, and saw 4 of its levels.
You also visited: Sewer.

You collected 190 gold pieces.

Inventory:

Hand Weapons
 e - a +0 mace
 o - a +0 short sword (weapon)
Missiles
 k - 10 tomahawks (quivered)
 s - 4 javelins
Armour
 a - a +0 robe (worn)
 d - a scarf of spirit shield
 h - a +0 buckler
Jewellery
 b - an uncursed amulet of regeneration {unknown}
 m - an uncursed ring of wizardry {unknown}
 n - a +4 ring of protection (left hand)
 p - a +3 ring of strength (right hand)
Wands
 q - a wand of random effects (14)
 C - a wand of digging (8)
 D - a wand of disintegration (9)
Scrolls
 f - 6 scrolls of teleportation {unknown}
 g - 3 scrolls of remove curse
 i - a scroll of identify
 l - a scroll of fog {unknown}
 w - a scroll of magic mapping {unknown}
 y - a scroll of fear {unknown}
 z - a scroll of random uselessness {unknown}
 A - a scroll of amnesia {unknown}
Potions
 j - 2 potions of agility
 r - a potion of might
 t - a potion of haste
 u - a potion of magic {unknown}
 x - a potion of heal wounds {unknown}
 B - a potion of flight {unknown}
Comestibles
 c - 4 rations
 E - 5 chunks of flesh


   Skills:
 - Level 1.7 Dodging
 - Level 1.7 Stealth
 + Level 4.1 Spellcasting
 + Level 4.9 Conjurations
 * Level 3.0 Hexes


You had 3 spell levels left.
You knew the following spells:

 Your Spells              Type           Power        Failure   Level  Hunger
a - Magic Dart            Conj           ####         1%          1    None
b - Searing Ray           Conj           ####..       1%          2    #......
c - Dazzling Spray        Conj/Hex       ###...       6%          3    ##.....
d - Fulminant Prism       Conj/Hex       ###.......   21%         4    ####...

Your spell library contained the following spells:

 Spells                   Type           Power        Failure   Level  Hunger
 Iskenderun's Mystic Bla  Conj           ####....     13%         4    ####...
 Force Lance              Conj/Tloc      ###.....     36%         4    ####...


Dungeon Overview and Level Annotations

Branches:
Dungeon (4/15)             Temple (0/1) D:4

Shops:
D:4 =

Annotations:
D:3 3 runed translucent doors, PeSeC's ghost, amateur MiFi
D:4 Duvessa


Innate Abilities, Weirdness & Mutations

You have an increased reservoir of magic. (+10% MP)


Message History

Press: ? - help, Shift-Dir - straight line, f/p - Duvessa
Aim: Duvessa, wielding a +0 short sword and wearing a +1 leather armour of poison resistance (moderately wounded, berserk, fast, unusually strong)
The spray of energy hits Duvessa!
Duvessa is moderately wounded.
Duvessa is dazzled.
Duvessa hits you with a +0 short sword!
Duvessa rages.
Duvessa hits you with a +0 short sword!
* * * LOW HITPOINT WARNING * * *
You feel better. Duvessa misses you.
As you read the scroll labeled QOFO LYUSI, it crumbles to dust.
You feel blessed for a moment.
It was a scroll of remove curse.
Duvessa barely misses you. Duvessa hits you with a +0 short sword!
* * * LOW HITPOINT WARNING * * *
As you read the scroll labeled ZANUWOANUDGH, it crumbles to dust.
It is a scroll of identify.
r - a potion of might Duvessa is no longer blind.
Duvessa closely misses you.
It was a potion of haste.
You feel yourself speed up. Duvessa hits you with a +0 short sword!
You die...

#..#....... ##..#....[.
#..###.... ##.## #..#
##.## #######..#
#.##########........###
#....).e@.............##
#......................##
#..#############.........
#. #.....[... ###.......
########


You could see Duvessa (berserk).

Vanquished Creatures
  Blork the orc (D:4)
  Dowan (D:4)
  2 worker ants (D:4)
  2 orc wizards (D:3)
  Ijyb (D:4)
  A hound skeleton (D:4)
  4 adders
  A river rat (D:3)
  An adder skeleton (D:3)
  3 worms (D:2)
  2 dart slugs
  3 leopard geckos
  8 orcs
  5 ball pythons
  3 giant cockroaches
  7 goblins
  6 hobgoblins
  4 jackals (D:2)
  9 kobolds
  7 bats
  15 frilled lizards
  A quokka skeleton (D:4)
  16 rats
103 creatures vanquished.

Notes
Turn   | Place    | Note
-------+----------+-------------------------------------------
     0 | D:1      | Folks the Demigod Conjurer began the quest for the Orb.
     0 | D:1      | Reached XP level 1. HP: 14/14 MP: 5/5
   710 | D:1      | Reached XP level 2. HP: 20/20 MP: 4/7
   927 | D:1      | HP: 1/20 [dart slug/slug dart (5)]
  1012 | D:1      | Learned a level 2 spell: Searing Ray
  1836 | D:2      | Reached XP level 3. HP: 26/26 MP: 4/9
  2361 | D:2      | Found a radiant altar of Vehumet.
  2659 | D:3      | Found a snail-covered altar of Cheibriados.
  2673 | D:3      | Reached XP level 4. HP: 14/33 MP: 5/11
  2856 | D:3      | Found a glowing drain.
  2875 | D:3      | Learned a level 3 spell: Dazzling Spray
  2880 | D:3      | Learned a level 4 spell: Fulminant Prism
  2883 | Sewer    | Entered a sewer
  3395 | D:3      | Found a runed translucent gate.
  3395 | D:3      | Found a runed translucent gate.
  3395 | D:3      | Found a runed translucent gate.
  3395 | D:3      | Noticed PeSeC's ghost (amateur MiFi)
  3479 | D:3      | Found an ornate altar of the Wu Jian Council.
  3485 | D:3      | Found a shimmering altar of Xom.
  3488 | D:3      | Found an ancient bone altar of Kikubaaqudgha.
  3508 | D:3      | Found a radiant altar of Vehumet.
  3716 | D:3      | Found a hide-covered altar of Uskayaw.
  3807 | D:3      | Found a faded altar of an unknown god.
  3906 | D:3      | Reached skill level 1 in Hexes
  3943 | D:3      | Reached XP level 5. HP: 18/38 MP: 1/13
  4289 | D:4      | Found a bloodstained altar of Trog.
  4289 | D:4      | Found a hazy altar of Hepliaklqana.
  4589 | D:4      | Found a staircase to the Ecumenical Temple.
  4606 | D:4      | Found Osuip's Jewellery Emporium.
  4618 | D:4      | Noticed Ijyb
  4627 | D:4      | Killed Ijyb
  4821 | D:4      | Found a sparkling altar of Nemelex Xobeh.
  4881 | D:4      | Noticed Blork the orc
  4887 | D:4      | Killed Blork the orc
  4887 | D:4      | Reached XP level 6. HP: 45/45 MP: 7/15
  5004 | D:4      | Noticed Dowan
  5006 | D:4      | Noticed Duvessa
  5011 | D:4      | Killed Dowan
  5018 | D:4      | Slain by Duvessa

Skill      XL: |  1  2  3  4  5  6 |
---------------+-------------------+-----
Spellcasting   | 2 3 4 |  4.1
Conjurations   | 4 |  4.9
Hexes          | 1 2 3 |  3.0
Dodging        | |  1.7
Stealth        | |  1.7

Action                   |  1- 3 |  4- 6 || total
-------------------------+-------+-------++-------
Melee: Mace              |    61 |       ||    61
       Unarmed           |     5 |       ||     5
       Short sword       |    16 |    47 ||    63
 Cast: Magic Dart        |    22 |    13 ||    35
       Searing Ray       |    16 |    26 ||    42
       Dazzling Spray    |       |     9 ||     9
  Use: Potion            |     2 |     2 ||     4
       Scroll            |       |     2 ||     2
 Stab: Sleeping          |     4 |     6 ||    10
  Eat: Chunk             |     6 |     9 ||    15
Armor: Robe              |    13 |    21 ||    34
Dodge: Dodged            |    78 |    61 ||   139
